 Dungeon Crawl Stone Soup version 0.26.1-11-gd32895ea62 (webtiles) character file.

Game seed: 2122457241007933514

6886 TalonThorn the Fighter (level 11, -5/120 (138) HPs)
             Began as a Gnoll Wanderer on July 4, 2021.
             Was an Elder of Sif Muna.
             Killed from afar by Josephine (18 damage)
             ... with a ghostly fireball
             ... on level 10 of the Dungeon on July 6, 2021.
             The game lasted 04:53:24 (10910 turns).

TalonThorn the Fighter (Gnoll Wanderer)            Turns: 10910, Time: 04:53:26

HP:   -5/120 (138)  AC: 11    Str: 16    XL:     11   Next: 6%
MP:   15/19         EV: 17    Int: 21    God:    Sif Muna [****..]
Gold: 301           SH:  0    Dex: 18    Spells: 11/21 levels left

rFire    . . .     SeeInvis +   J - +2 mace (vorpal)
rCold    . . .     Faith    .   (no shield)
rNeg     . . .     Spirit   .   c - +1 ring mail
rPois    .         Reflect  .   i - +1 helmet
rElec    .         Harm     .   (no cloak)
rCorr    .         Rampage  .   (no gloves)
Will     .....                  t - +0 pair of boots
Stlth    ..........             (no amulet)
HPRegen  0.30/turn              m - ring of wizardry
MPRegen  0.16/turn              q - +6 ring of intelligence

@: mighty, berserking (expiring), slowed, heavily drained
A: distributed training, fangs 1, repulsion field 1, see invisible, agile 1,
strong nose
a: Renounce Religion, Channel Magic, Forget Spell, Divine Exegesis


You were on level 10 of the Dungeon.
You worshipped Sif Muna.
Sif Muna was greatly pleased with you.
You visited 1 branch of the dungeon, and saw 10 of its levels.
You also visited: Ossuary.

You collected 456 gold pieces.
You spent 155 gold pieces at shops.

Inventory:

Hand Weapons
 f - a +0 hunting sling
 p - a cursed +4 long sword
 v - a +7 dagger of protection
 x - a +3 war axe
 I - a +2 battleaxe
 J - a +2 vorpal mace (weapon)
 K - a +0 shortbow
 N - a +0 long sword of draining
Missiles
 b - 110 stones
 d - 28 bolts
 e - 139 arrows
 s - a javelin
 z - 9 poisoned darts (quivered)
 A - 66 sling bullets
Armour
 a - a +0 plate armour
 c - a +1 ring mail (worn)
 i - a +1 helmet (worn)
 l - a +0 robe
 t - a +0 pair of boots (worn)
Jewellery
 h - an uncursed ring of attention
 k - an uncursed ring of protection from fire
 m - a ring of wizardry (left hand)
 q - a +6 ring of intelligence (right hand)
 E - an uncursed ring of wizardry
 F - an uncursed ring of fire
 O - an uncursed ring of resist corrosion
Wands
 H - a wand of paralysis (8)
 L - a wand of flame (20)
Scrolls
 j - 7 scrolls of identify
 o - 6 scrolls of remove curse
 u - 4 scrolls of teleportation
 y - 3 scrolls of magic mapping
 B - 3 scrolls of enchant armour
 D - 4 scrolls of amnesia
 M - a scroll of fog
Potions
 g - 4 potions of brilliance
 r - a potion of ambrosia
 G - a potion of curing
 P - a potion of mutation


   Skills:
 + Level 10.3 Fighting
 + Level 5.9 Short Blades
 + Level 5.9 Long Blades
 + Level 5.9 Axes
 + Level 6.5 Maces & Flails
 + Level 5.9 Polearms
 + Level 5.9 Staves
 + Level 5.9 Slings
 + Level 5.9 Bows
 + Level 6.5 Crossbows
 + Level 7.5 Throwing
 + Level 7.5 Armour
 + Level 5.9 Dodging
 + Level 5.9 Stealth
 + Level 5.9 Shields
 + Level 5.9 Unarmed Combat
 + Level 5.9 Spellcasting
 + Level 4.9 Conjurations
 + Level 4.9 Hexes
 + Level 4.9 Summonings
 + Level 4.9 Necromancy
 + Level 4.9 Translocations
 + Level 4.9 Transmutations
 + Level 4.9 Fire Magic
 + Level 4.9 Ice Magic
 + Level 4.9 Air Magic
 + Level 4.9 Earth Magic
 + Level 4.9 Poison Magic
 + Level 6.5 Invocations
 + Level 5.9 Evocations


You had 11 spell levels left.
You knew the following spells:

 Your Spells              Type           Power        Failure   Level
a - Apportation           Tloc           52%          1%          1
b - Animate Skeleton      Necr           52%          1%          1
c - Summon Small Mammal   Summ           100%         1%          1
d - Lightning Bolt        Conj/Air       13%          26%         5
e - Swiftness             Air            26%          1%          2

Your spell library contained the following spells:

 Spells                   Type           Power        Failure   Level
 Corona                   Hex            28%          1%          1
 Shock                    Conj/Air       100%         1%          1
 Static Discharge         Conj/Air       26%          2%          3
 Airstrike                Air            13%          9%          4


Dungeon Overview and Level Annotations

Branches:
Dungeon (10/15)            Temple (0/1) D:5         Ossuary (visited)
   Lair: D:8-11         Orc: D:9-12

Altars:
Ashenzari
Elyvilon
Fedhas
Gozag
Makhleb
Sif Muna
Uskayaw
Wu Jian
Xom
Yredelemnul

Shops:
D:5 (

Annotations:
D:4 Menkaure
D:10 Josephine


Innate Abilities, Weirdness & Mutations

Your experience applies equally to all skills.
You have very sharp teeth.
Your uncanny sense of smell can sniff out nearby items.
You are surrounded by a mild repulsion field. (EV +2)
You have supernaturally acute eyesight. (SInv)
You are agile. (Dex +2)


Message History

Josephine misses you. The wraith completely misses you.
You hit the wraith. Your punch misses the wraith.
The wraith is almost destroyed.
Josephine gestures at you while chanting.
The ghostly flame explodes!
The ghostly fireball engulfs you!!
You feel drained.
* * * LOW HITPOINT WARNING * * *
The ghostly fireball engulfs Josephine.
Josephine completely resists.
The ghostly fireball engulfs the wraith.
The wraith completely resists.
The ghostly fireball engulfs the wraith.
The wraith completely resists.
The wraith barely misses you. The wraith hits you but does no damage.
You sock the wraith!
You destroy the wraith!
Sif Muna accepts your kill. Josephine casts a spell at you.
The ghostly flame explodes!
The ghostly fireball engulfs you!!
You feel drained.
You die...

.#......#....####+###..<..#
.#......#....# #.....##
.'.)....#....# ##.....#
.#......#....# #.....#
>#......#....# #.....#
.######.'....# #.....#
......#.#....#+#######.....#
......#.#..................#
......#.#.......@@.........#
......###.......W..........#
.....<.....................#
......###+###..............#
......# #.)............#
......# #.......#####..#
......# +.......# #..#
......# #.......# #..#
(.....# #.......# #..#


You could see Josephine and a wraith.

Vanquished Creatures
  A two-headed ogre (D:8)
  5 yaks (D:6)
  2 wraiths (D:10)
  A black bear (D:7)
  3 orc warriors
  A sky beast (D:10)
  4 phantoms
  2 ogres
  4 centaurs
  2 big kobolds
  4 bullfrogs
  A water moccasin zombie (D:9)
  9 scorpions
  16 killer bees
  10 wights
  An electric eel (D:10)
  A howler monkey (D:4)
  A bullfrog zombie (D:8)
  4 centaur zombies
  A jelly (D:9)
  4 orc priests
  3 centaur skeletons
  4 hounds
  2 human zombies (Ossuary)
  2 iguanas
  7 orc wizards
  2 bullfrog skeletons (D:5)
  2 gnoll shamans
  Jessica (D:2)
  Ijyb (D:5)
  5 worker ants
  3 big kobold zombies (Ossuary)
  3 mummies (Ossuary)
  12 gnolls
  14 adders
  4 scorpion zombies (Ossuary)
  4 shadow imps
  5 white imps
  An ufetubus (D:5)
  An ooze (D:6)
  An adder zombie (D:6)
  2 adder skeletons
  A worm (D:3)
  A dart slug (D:1)
  5 leopard geckos
  19 orcs
  5 giant cockroaches
  3 gnoll zombies (Ossuary)
  5 goblins
  5 hobgoblins
  12 jackals
  3 quokkas
  A ball python (D:2)
  6 bats
  4 frilled lizards
  2 goblin zombies (Ossuary)
  2 hobgoblin zombies (Ossuary)
  17 kobolds
  A kobold zombie (Ossuary)
  A leopard gecko zombie (D:5)
  An orc zombie (Ossuary)
  6 rats
256 creatures vanquished.

Vanquished Creatures (collateral kills)
  A wyvern (D:8)
  A gnoll sergeant (D:9)
  An adder (D:9)
  An adder skeleton (D:8)
  An orc (D:9)
5 creatures vanquished.

Vanquished Creatures (others)
  A hobgoblin zombie (Ossuary)
  4 plants
5 creatures vanquished.

Grand Total: 266 creatures vanquished

Notes
Turn   | Place    | Note
-------+----------+-------------------------------------------
     0 | D:1      | TalonThorn the Gnoll Wanderer began the quest for the Orb.
     0 | D:1      | TalonThorn set off with the following items: a +2 dagger, a
                  | curare-tipped dart, a +0 ring mail, a potion of
                  | lignification
     0 | D:1      | Reached XP level 1. HP: 26/26 MP: 1/1
   216 | D:1      | Reached XP level 2. HP: 29/33 MP: 2/2
   624 | D:1      | Reached XP level 3. HP: 38/38 MP: 3/3
  1241 | D:2      | Found a blossoming altar of Fedhas.
  1586 | D:2      | Reached skill level 1 in Invocations
  1616 | D:2      | Reached skill level 1 in Short Blades
  1616 | D:2      | Reached skill level 1 in Long Blades
  1616 | D:2      | Reached skill level 1 in Axes
  1616 | D:2      | Reached skill level 1 in Polearms
  1616 | D:2      | Reached skill level 1 in Staves
  1616 | D:2      | Reached skill level 1 in Slings
  1616 | D:2      | Reached skill level 1 in Bows
  1616 | D:2      | Reached skill level 1 in Dodging
  1616 | D:2      | Reached skill level 1 in Stealth
  1616 | D:2      | Reached skill level 1 in Shields
  1616 | D:2      | Reached skill level 1 in Unarmed Combat
  1616 | D:2      | Reached skill level 1 in Spellcasting
  1616 | D:2      | Reached skill level 1 in Evocations
  1616 | D:2      | Reached XP level 4. HP: 45/45 MP: 5/5
  1673 | D:2      | Found a shimmering blue altar of Sif Muna.
  1681 | D:2      | Became a worshipper of Sif Muna the Loreminder
  1922 | D:2      | Noticed Jessica
  1924 | D:2      | Killed Jessica
  1925 | D:2      | Reached skill level 1 in Conjurations
  1925 | D:2      | Reached skill level 1 in Hexes
  1925 | D:2      | Reached skill level 1 in Summonings
  1925 | D:2      | Reached skill level 1 in Necromancy
  1925 | D:2      | Reached skill level 1 in Translocations
  1925 | D:2      | Reached skill level 1 in Transmutations
  1925 | D:2      | Reached skill level 1 in Fire Magic
  1925 | D:2      | Reached skill level 1 in Ice Magic
  1925 | D:2      | Reached skill level 1 in Air Magic
  1925 | D:2      | Reached skill level 1 in Earth Magic
  1925 | D:2      | Reached skill level 1 in Poison Magic
  2212 | D:3      | Found a burning altar of Makhleb.
  2245 | D:3      | Found a shimmering altar of Xom.
  2245 | D:3      | Found a shimmering altar of Xom.
  2255 | D:3      | Found a shimmering altar of Xom.
  2604 | D:4      | Reached XP level 5. HP: 51/51 MP: 5/7
  2912 | D:4      | Reached XP level 6. HP: 53/57 MP: 8/8
  2926 | D:4      | Noticed Menkaure
  2932 | D:5      | Entered Level 5 of the Dungeon
  2937 | D:5      | Found Huinoesch's Antique Weapon Emporium.
  2960 | D:5      | Noticed a phantom
  2975 | D:5      | Reached * piety under Sif Muna
  2976 | D:5      | Reached skill level 5 in Throwing
  2976 | D:5      | Reached skill level 5 in Armour
  2999 | D:5      | Bought a glowing dagger for 155 gold pieces
  3042 | D:5      | Killed a phantom
  3070 | D:5      | Reached XP level 7. HP: 63/63 MP: 10/10
  3270 | D:5      | Noticed Ijyb
  3286 | D:5      | Killed Ijyb
  3299 | D:5      | Found a sand-covered staircase.
  3323 | D:5      | Found a staircase to the Ecumenical Temple.
  3375 | Ossuary  | Entered an ossuary
  3578 | Ossuary  | Reached skill level 9 in Fighting
  3648 | Ossuary  | Reached XP level 8. HP: 63/71 MP: 12/12
  3921 | Ossuary  | Reached ** piety under Sif Muna
  3959 | Ossuary  | Gained mutation: You are covered in fur. (AC +1) [potion of
                  | mutation]
  3959 | Ossuary  | Gained mutation: Your system is resistant to poisons.
                  | (rPois) [potion of mutation]
  4211 | D:5      | Found an ornate altar of the Wu Jian Council.
  4330 | D:5      | Found a basalt altar of Yredelemnul.
  4580 | D:6      | Learned a level 1 spell: Apportation
  4582 | D:6      | Learned a level 1 spell: Animate Skeleton
  4625 | D:6      | Found a white marble altar of Elyvilon.
  4988 | D:6      | Noticed a yak
  4991 | D:6      | Noticed a yak
  4993 | D:6      | Noticed a yak
  4995 | D:6      | Killed a yak
  4996 | D:6      | Reached XP level 9. HP: 77/77 MP: 14/14
  5046 | D:6      | Reached skill level 5 in Maces & Flails
  5046 | D:6      | Reached skill level 5 in Crossbows
  5917 | D:7      | Reached skill level 5 in Invocations
  5926 | D:7      | Reached *** piety under Sif Muna
  6255 | D:7      | Lost mutation: Your system is resistant to poisons. (rPois)
                  | [potion of mutation]
  6255 | D:7      | Gained mutation: You are frail. (-10% HP) [potion of
                  | mutation]
  6255 | D:7      | Gained mutation: Your mind is acute. (Int +2) [potion of
                  | mutation]
  6256 | D:7      | Lost mutation: You are frail. (-10% HP) [potion of
                  | mutation]
  6256 | D:7      | Lost mutation: Your mind is acute. (Int +2) [potion of
                  | mutation]
  6256 | D:7      | Lost mutation: You are covered in fur. (AC +1) [potion of
                  | mutation]
  6256 | D:7      | Gained mutation: You are agile. (Dex +2) [potion of
                  | mutation]
  6256 | D:7      | Gained mutation: You have supernaturally acute eyesight.
                  | (SInv) [potion of mutation]
  6256 | D:7      | Gained mutation: You are surrounded by a mild repulsion
                  | field. (EV +2) [potion of mutation]
  6370 | D:7      | Reached XP level 10. HP: 80/85 MP: 17/17
  6613 | D:7      | Learned a level 1 spell: Animate Skeleton
  6615 | D:7      | Learned a level 1 spell: Summon Small Mammal
  7220 | D:8      | Noticed a two-headed ogre
  7244 | D:8      | Killed a two-headed ogre
  7245 | D:8      | Reached skill level 5 in Short Blades
  7245 | D:8      | Reached skill level 5 in Long Blades
  7245 | D:8      | Reached skill level 5 in Axes
  7245 | D:8      | Reached skill level 5 in Polearms
  7245 | D:8      | Reached skill level 5 in Staves
  7245 | D:8      | Reached skill level 5 in Slings
  7245 | D:8      | Reached skill level 5 in Bows
  7245 | D:8      | Reached skill level 5 in Dodging
  7245 | D:8      | Reached skill level 5 in Stealth
  7245 | D:8      | Reached skill level 5 in Shields
  7245 | D:8      | Reached skill level 5 in Unarmed Combat
  7245 | D:8      | Reached skill level 5 in Spellcasting
  7245 | D:8      | Reached skill level 5 in Evocations
  7389 | D:8      | Reached skill level 10 in Fighting
  7409 | D:8      | Found an opulent altar of Gozag.
  7891 | D:8      | Found a broken altar of Ashenzari.
  8134 | D:8      | Noticed a +0 hand axe
  8135 | D:8      | Found a hide-covered altar of Uskayaw.
  8135 | D:8      | Noticed a +0 dagger
  8697 | D:9      | Reached **** piety under Sif Muna
  9719 | D:10     | Entered Level 10 of the Dungeon
 10621 | D:10     | Learned a level 5 spell: Lightning Bolt
 10624 | D:10     | Learned a level 2 spell: Swiftness
 10817 | D:10     | Reached XP level 11. HP: 79/92 MP: 19/19
 10882 | D:10     | Noticed Josephine
 10910 | D:10     | Killed from afar by Josephine

Illustrated notes

Levels and vault maps discovered:
D:1:      dpeg_arrival_boxes_within_box, layout_basic, minmay_unequal
D:2:      layout_basic, old_standard_altar, overflow_temple_1_default,
          uniq_jessica
D:3:      layout_basic, bloody_makhleb, xom_redecorated
D:4:      layout_loops_ring, zin_statuary, nicolae_qazlal_eye_of_the_storm,
          uniq_menkaure
D:5:      layout_basic, lemuel_round_altar, nzn_wu_jian_contemplation,
          minmay_temple_entry_overgrown, portal_sewer_entry_d,
          nicolae_ossuary_entry_ruins, serial_shops, nicolae_shop_stone,
          guppyfry_early_lair_pool, uniq_ijyb
D:6:      layout_cave_pods, nicolae_overflow_hidden_temple, elyvilon_altar_4
D:7:      layout_basic, minmay_crystal_room, minmay_fountain_box,
          columned_hall_lemuel
D:8:      layout_loops_ring, nicolae_gozag_cash_rules_everything_around_me,
          dancing_weapons_uskayaw, kennysheep_little_box,
          minmay_misc_feat_columns
D:9:      layout_rooms
D:10:     layout_irregular_city, serial_bayou, serial_bayou_ford_a,
          serial_bayou_pond_b, serial_bayou_pond_c, serial_bayou_pond_d,
          uniq_josephine

Skill      XL: |  1  2  3  4  5  6  7  8  9 10 |
---------------+-------------------------------+-----
Invocations    | 1 2 3 4 5 6 |  6.5
Short Blades   | 1 2 3 4 5 |  5.9
Long Blades    | 1 2 3 4 5 |  5.9
Axes           | 1 2 3 4 5 |  5.9
Polearms       | 1 2 3 4 5 |  5.9
Staves         | 1 2 3 4 5 |  5.9
Slings         | 1 2 3 4 5 |  5.9
Bows           | 1 2 3 4 5 |  5.9
Dodging        | 1 2 3 4 5 |  5.9
Stealth        | 1 2 3 4 5 |  5.9
Shields        | 1 2 3 4 5 |  5.9
Unarmed Combat | 1 2 3 4 5 |  5.9
Spellcasting   | 1 2 3 4 5 |  5.9
Evocations     | 1 2 3 4 5 |  5.9
Conjurations   | 1 2 3 4 |  4.9
Hexes          | 1 2 3 4 |  4.9
Summonings     | 1 2 3 4 |  4.9
Necromancy     | 1 2 3 4 |  4.9
Translocations | 1 2 3 4 |  4.9
Transmutations | 1 2 3 4 |  4.9
Fire Magic     | 1 2 3 4 |  4.9
Ice Magic      | 1 2 3 4 |  4.9
Air Magic      | 1 2 3 4 |  4.9
Earth Magic    | 1 2 3 4 |  4.9
Poison Magic   | 1 2 3 4 |  4.9
Maces & Flails | 3 4 5 6 |  6.5
Crossbows      | 3 4 5 6 |  6.5
Throwing       | 5 6 7 |  7.5
Armour         | 5 6 7 |  7.5
Fighting       | 9 10 | 10.3

Action                   |  1- 3 |  4- 6 |  7- 9 | 10-12 || total
-------------------------+-------+-------+-------+-------++-------
Melee: Dagger            |    57 |   113 |   362 |    71 ||   603
       Bite              |     4 |    22 |    49 |    50 ||   125
       Punch             |       |     2 |     5 |    15 ||    22
       Mace              |       |       |       |   189 ||   189
       Long sword        |       |       |       |    80 ||    80
 Fire: Shortbow          |       |       |       |   110 ||   110
       Hunting sling     |       |       |       |    35 ||    35
Throw: Javelin           |    38 |    36 |    20 |       ||    94
       Dart              |     1 |       |   115 |     1 ||   117
       Stone             |     3 |     4 |    27 |       ||    34
 Cast: Animate Skeleton  |       |       |     2 |    10 ||    12
       Summon Small Mamm |       |       |       |    12 ||    12
       Lightning Bolt    |       |       |       |     2 ||     2
Evoke: Wand              |       |       |    14 |     4 ||    18
  Use: Scroll            |     8 |     3 |     7 |     2 ||    20
       Potion            |     3 |     1 |    15 |    10 ||    29
 Stab: Paralysed         |       |       |       |     3 ||     3
       Distracted        |       |       |       |     1 ||     1
       Sleeping          |       |       |       |     1 ||     1
Armor: Ring mail         |    28 |    45 |   129 |    85 ||   287
       Plate armour      |       |       |       |    52 ||    52
Dodge: Dodged            |    31 |    62 |   186 |   299 ||   578
       Rpst.: Long sword |       |       |       |    14 ||    14
